 Dungeon Crawl Stone Soup version 0.22.1-6-g1668fe2c40 (webtiles) character file.

400 Jerry the Skirmisher (level 6, -1/50 HPs)
             Began as a Demonspawn Fighter on Jan 16, 2019.
             Slain by an orc
             ... wielding a +0 hand axe
              (2 damage)
             ... on level 4 of the Dungeon.
             The game lasted 00:05:24 (3429 turns).

Jerry the Skirmisher (Demonspawn Fighter)           Turns: 3429, Time: 00:05:24

Health: -1/50      AC: 10    Str: 18    XL:     6   Next: 54%
Magic:  6/6        EV:  9    Int:  9    God:
Gold:   121        SH:  0    Dex: 13    Spells: 5/5 levels left

rFire    . . .     SeeInvis .   a - +0 flail
rCold    . . .     Gourm    .   (no shield)
rNeg     . . .     Faith    .   b - +0 scale mail
rPois    .         Spirit   .   (no helmet)
rElec    .         Reflect  .   (no cloak)
rCorr    .         Harm     .   p - +0 pair of gloves
MR       .....                  (no boots)
Stlth    ++........             (no amulet)
HPRegen  0.16/turn              (no ring)
MPRegen  0.10/turn              (no ring)

@: no status effects
A: hooves 1, thin metallic scales 1, nightstalker 2, rot immunity
a: no special abilities


You were on level 4 of the Dungeon.
You were not hungry.

You visited 1 branch of the dungeon, and saw 4 of its levels.

You collected 121 gold pieces.

Inventory:

Hand Weapons
 a - a +0 flail (weapon)
Armour
 b - a +0 scale mail (worn)
 c - a +0 shield
 p - a +0 pair of gloves (worn)
Scrolls
 i - 3 scrolls of teleportation {unknown}
 j - 2 scrolls of remove curse {unknown}
 k - a scroll of enchant armour {unknown}
 l - 4 scrolls of identify {unknown}
 o - 3 scrolls of noise {unknown}
Potions
 d - a potion of might
 e - a potion of lignification {unknown}
 g - a potion of ambrosia {unknown}
 h - a potion of flight {unknown}
 m - a potion of haste {unknown}
Comestibles
 f - 4 rations
 n - 5 chunks of flesh


   Skills:
 + Level 4.9 Fighting
 + Level 3.9 Maces & Flails
 + Level 4.4 Armour
 - Level 2.6 Shields


You had 5 spell levels left.
You didn't know any spells.
Your spell library contained the following spells:

 Spells                   Type           Power        Failure   Level  Hunger
 Confusing Touch          Hex            #.....       77%         1    ##.....
 Confuse                  Hex            #.......     98%         3    ####...
 Gell's Gravitas          Tloc           #.........   98%         3    ####...
 Petrify                  Tmut/Erth      #.......     100%        4    #####..
 Metabolic Englaciation   Hex/Ice        #.........   100%        5    ######.
 Yara's Violent Unravell  Hex/Tmut       #.........   100%        5    ######.


Dungeon Overview and Level Annotations

Branches:
Dungeon (4/15)
 Temple: D:4-7

Altars:
Cheibriados
Xom


Innate Abilities, Weirdness & Mutations

You have large cloven feet.
You are partially covered in thin metallic scales. (AC +2)
You are significantly more attuned to the shadows.
You are immune to rotting.


Message History

The orc priest is moderately wounded.
The orc misses you. The orc hits you with a hand axe.
The orc priest mumbles some strange prayers to Beogh against you.
Beogh smites you!
* * * LOW HITPOINT WARNING * * *
You hit the orc priest but do no damage.
Your kick misses the orc priest.
The orc priest is moderately wounded.
The orc wizard gestures wildly while chanting.
The orc wizard blinks!
The orc hits you but does no damage. x2
The orc priest invokes the aid of Beogh against you.
Pain shoots through your body!
* * * LOW HITPOINT WARNING * * *
You closely miss the orc priest.
The orc priest is moderately wounded.
The orc priest invokes the aid of Beogh against you.
Pain shoots through your body!
* * * LOW HITPOINT WARNING * * *
The orc hits you with a hand axe.
You die...

#.......##
#.........
##.......#
.........#
....oo..#
o..ยง.@..#####
....o#......#
.....######.#
#.##. #.# #.#
# #... #.# #.#
#....###.####
#.#
#....#........
#.#
#....#.#.....#
#.#
#.............


You could see an orc priest, an orc wizard and 2 orcs.

Vanquished Creatures
  2 ogres (D:4)
  An orc priest (D:4)
  A worker ant (D:2)
  5 adders
  3 gnolls
  3 worms
  A dart slug (D:1)
  3 leopard geckos
  5 orcs
  4 giant cockroaches
  9 goblins
  9 hobgoblins
  7 jackals (D:3)
  9 kobolds
  2 quokkas (D:3)
  16 bats
  4 frilled lizards
  11 rats
95 creatures vanquished.

Vanquished Creatures (others)
  4 toadstools (D:1)
4 creatures vanquished.

Grand Total: 99 creatures vanquished

Notes
Turn   | Place    | Note
-------+----------+-------------------------------------------
     0 | D:1      | Jerry the Demonspawn Fighter began the quest for the Orb.
     0 | D:1      | Reached XP level 1. HP: 18/18 MP: 1/1
    79 | D:1      | Gained mutation: You are immune to rotting. [demonic
                  | ancestry]
    79 | D:1      | Reached XP level 2. HP: 24/24 MP: 2/2
   554 | D:1      | Gained mutation: You are slightly more attuned to the
                  | shadows. [demonic ancestry]
   554 | D:1      | Reached XP level 3. HP: 29/29 MP: 3/3
   754 | D:2      | Found a shimmering altar of Xom.
  1342 | D:2      | Gained mutation: You are partially covered in thin metallic
                  | scales. (AC +2) [demonic ancestry]
  1342 | D:2      | Reached XP level 4. HP: 25/37 MP: 4/4
  1682 | D:2      | Found a snail-covered altar of Cheibriados.
  2424 | D:3      | Gained mutation: You have large cloven feet. [demonic
                  | ancestry]
  2424 | D:3      | Reached XP level 5. HP: 41/42 MP: 5/5
  3162 | D:4      | Noticed an ogre
  3174 | D:4      | Killed an ogre
  3174 | D:4      | Gained mutation: You are significantly more attuned to the
                  | shadows. [demonic ancestry]
  3174 | D:4      | Reached XP level 6. HP: 31/49 MP: 6/6
  3429 | D:4      | HP: 1/50 [orc priest/nerve-wracking pain (6)]
  3429 | D:4      | Slain by an orc

Skill      XL: |  1  2  3  4  5 |
---------------+----------------+-----
Maces & Flails | 2 3 |  3.9
Armour         | 3 4 |  4.4
Fighting       | 4 |  4.9
Shields        | |  2.6

Action                   |  1- 3 |  4- 6 || total
-------------------------+-------+-------++-------
Melee: Flail             |   155 |   217 ||   372
       Kick              |       |    26 ||    26
  Eat: Chunk             |     2 |     7 ||     9
Armor: Scale mail        |   104 |   139 ||   243
Dodge: Dodged            |    96 |   137 ||   233
